 Dungeon Crawl Stone Soup version 0.25-a0-869-g05d4e06 (webtiles) character file.

Game seed: 16622722729244908465, levelgen mode: deterministic

75 ihavenolife the Shield-Bearer (level 4, -2/40 HPs)
             Began as a Minotaur Fighter on Apr 30, 2020.
             Slain by Grinder (5 damage)
             ... on level 3 of the Dungeon.
             The game lasted 00:03:44 (1134 turns).

ihavenolife the Shield-Bearer (Minotaur Fighter)    Turns: 1134, Time: 00:03:45

Health: -2/40      AC:  7    Str: 22    XL:     4   Next: 11%
Magic:  3/3        EV:  7    Int:  5    God:
Gold:   128        SH:  9    Dex:  9    Spells: 3/3 levels left

rFire    . . .     SeeInvis .   j - +4 spear
rCold    . . .     Gourm    .   c - +0 kite shield
rNeg     . . .     Faith    .   b - +0 scale mail
rPois    .         Spirit   .   (helmet restricted)
rElec    .         Reflect  .   (no cloak)
rCorr    .         Harm     .   (no gloves)
MR       .....                  (no boots)
Stlth    ..........             (no amulet)
HPRegen  0.13/turn              (no ring)
MPRegen  0.08/turn              (no ring)

@: mighty
A: retaliatory headbutt, horns 2
a: no special abilities


You were on level 3 of the Dungeon.
You were hungry.

You visited 1 branch of the dungeon, and saw 3 of its levels.

You collected 128 gold pieces.

Inventory:

Hand Weapons
 a - a +0 flail
 j - a +4 spear (weapon)
Armour
 b - a +0 scale mail (worn)
 c - a +0 kite shield (worn)
Scrolls
 g - 2 scrolls of enchant weapon {unknown}
 h - a scroll of teleportation {unknown}
 i - a scroll of random uselessness {unknown}
 k - a scroll of immolation {unknown}
 l - a scroll of fog {unknown}
 m - a scroll of enchant armour {unknown}
 n - a scroll of identify
 o - a scroll of remove curse {unknown}
Potions
 d - a potion of might
 e - a potion of lignification {unknown}
Comestibles
 f - 5 rations


   Skills:
 + Level 4.2 Fighting
 - Level 2.9 Maces & Flails
 * Level 2.0 Polearms
 + Level 4.2 Armour
 + Level 4.3 Shields


You had 3 spell levels left.
You didn't know any spells.
Your spell library was empty.

Dungeon Overview and Level Annotations

Branches:
Dungeon (3/15)

Altars:
Ashenzari
The Shining One

Annotations:
D:3 Grinder


Innate Abilities, Weirdness & Mutations

You reflexively headbutt those who attack you in melee.
You have a pair of horns on your head.


Message History

Grinder is heavily wounded.
You block the giant cockroach's attack. Grinder hits you.
* * * LOW HITPOINT WARNING * * *
You writhe in agony.
* * * LOW HITPOINT WARNING * * *
Unknown command.
You feel very mighty all of a sudden.
The giant cockroach bites you but does no damage.
Grinder hits you but does no damage.
You closely miss Grinder.
Grinder is heavily wounded.
The giant cockroach bites you but does no damage.
Grinder blinks!
You closely miss the giant cockroach.
The giant cockroach bites you but does no damage. x2
You puncture the giant cockroach!
You kill the giant cockroach!
You are too injured to fight recklessly!
Grinder hits you.
You die...

##..≈..#.
#..≈≈....
#>..≈...
.#.......
#.......#
#....#
#.#[#
#...#.#
##.@#.#
#.5#.#
#..#.#
#..#.#
#..#.#
#####..#.#
#........#
#.###(.###
### #..#


You could see Grinder.

Vanquished Creatures
  Terence (D:2)
  An ooze (D:2)
  3 dart slugs
  A leopard gecko (D:1)
  An orc (D:3)
  6 bats
  2 giant cockroaches
  3 goblins
  6 hobgoblins
  5 kobolds (D:1)
  5 frilled lizards
  4 rats
38 creatures vanquished.

Notes
Turn   | Place    | Note
-------+----------+-------------------------------------------
     0 | D:1      | ihavenolife the Minotaur Fighter began the quest for the
                  | Orb.
     0 | D:1      | Reached XP level 1. HP: 19/19 MP: 0/0
    77 | D:1      | Reached XP level 2. HP: 24/27 MP: 1/1
   656 | D:2      | Noticed Terence
   657 | D:2      | Found a glowing golden altar of the Shining One.
   665 | D:2      | Reached XP level 3. HP: 33/33 MP: 2/2
   708 | D:2      | Found a faded altar of an unknown god.
   718 | D:2      | Reached skill level 1 in Polearms
   761 | D:2      | Found a shattered altar of Ashenzari.
  1024 | D:2      | Killed Terence
  1024 | D:2      | Reached XP level 4. HP: 37/40 MP: 3/3
  1115 | D:3      | Noticed Grinder
  1134 | D:3      | Slain by Grinder

Levels and vault maps discovered:
D:1:      mrwooster_arrival_statue_3, layout_loops_ring, minmay_heptomino_l4
D:2:      layout_basic, tso_metal_star, first_ration,
          chequers_ecumenical_altar_simple, corexii_leaking_fountain,
          evilmike_ruin_ashenzari, uniq_terence
D:3:      layout_loops_ring, nicolae_gozag_cash_rules_everything_around_me,
          serial_rivers, chequers_serial_rivers_small_b,
          chequers_serial_rivers_micro_e, chequers_serial_rivers_small_a,
          chequers_serial_rivers_room_a, chequers_serial_rivers_micro_b,
          chequers_serial_rivers_room_b, fountainhead, grunt_decor_one_mirror,
          uniq_crazy_yiuf_cottage, uniq_robin, uniq_grinder

Skill      XL: |  1  2  3  4 |
---------------+-------------+-----
Armour         | 4 |  4.2
Shields        | 4 |  4.3
Fighting       | 4 |  4.2
Polearms       | 1 2 |  2.0
Maces & Flails | |  2.9

Action                   |  1- 3 |  4- 6 || total
-------------------------+-------+-------++-------
Melee: Flail             |    25 |       ||    25
       Headbutt          |     9 |       ||     9
       Spear             |    55 |    14 ||    69
  Use: Scroll            |     1 |       ||     1
       Potion            |       |     1 ||     1
Armor: Scale mail        |    12 |     6 ||    18
Dodge: Dodged            |    19 |     4 ||    23
Block: Kite shield       |    20 |     3 ||    23

Table legend:
 A = Non-vault XP
 B = Vault XP
 C = Vault XP percentage of total XP
 D = Non-vault monster count
 E = Vault monster count
 F = Vault count percentage of total count
                 A         B        C        D         E       F
            +---------+---------+-------+---------+---------+-------
      Total |      67 |      41 |  38.0 |      34 |       4 |  10.5
            +---------+---------+-------+---------+---------+-------
        D:1 |      34 |       5 |  12.8 |      19 |       3 |  13.6
        D:2 |      28 |      36 |  56.2 |      13 |       1 |   7.1
        D:3 |       5 |       0 |   0.0 |       2 |       0 |   0.0
            +---------+---------+-------+---------+---------+-------
